 Dungeon Crawl Stone Soup version 0.32-a0-975-g85d4e5bfdb (webtiles) character file.

Game seed: 1724170465236772488

41192 tilp the Carver (level 13, 0/103 HPs)
             Began as a Vampire Enchanter on Apr 17, 2024.
             Was a High Priest of Wu Jian.
             Slain by a seven-headed hydra (10 damage)
             ... on level 5 of the Lair of Beasts on Apr 18, 2024.
             The game lasted 00:32:37 (15740 turns).

tilp the Carver (Vampire Enchanter)                Turns: 15740, Time: 00:32:37

Health: 0/103      AC: 15    Str: 13    XL:     13   Next: 78%
Magic:  24/32      EV: 12    Int: 23    God:    Wu Jian [*****.]
Gold:   1632       SH:  5    Dex: 14    Spells: 15/26 levels left

rFire   . . .        a - +6 dagger of Anger {freeze, *Rage Str+6}
rCold   . . .        Y - +0 buckler
rNeg    . . .        O - +1 leather armour {rPois}
rPois   +            G - +2 helmet
rElec   .            H - +2 cloak {Stlth+}
rCorr   .            h - +2 pair of gloves
SInv    +            P - +0 pair of boots {Fly}
Will    ++...        R - amulet of magic regeneration
Stlth   ++++++       k - ring of magical power
HPRegen 0.57/turn    W - ring of willpower
MPRegen 0.63/turn

%: random rage (20%)
@: on berserk cooldown, flying, healing quickly, slowed, very slow
A: alive, fangs 3, see invisible, vampiric 2
a: Exsanguinate, Renounce Religion, Wall Jump, Serpent's Lash, Heavenly Storm


You were on level 5 of the Lair of Beasts.
You worshipped Wu Jian.
Wu Jian was extremely pleased with you.
You visited 3 branches of the dungeon, and saw 17 of its levels.
You also visited: Sewer and Bailey.

You collected 1923 gold pieces.
You spent 291 gold pieces at shops.

Inventory:

Hand Weapons
 a - the +6 dagger of Anger (weapon) {freeze, *Rage Str+6}
   (You found it on level 8 of the Dungeon)

   Str+6:     It affects your strength (+6).
   *Rage:     It berserks you when you make melee attacks (+20% chance).
 b - a +4 falchion of freezing
 q - a +0 dagger of freezing
 T - a +2 heavy dagger
Missiles
 d - 15 poisoned darts (quivered)
 m - 11 silver javelins {!f}
 o - 3 throwing nets {!f}
 N - 29 boomerangs
 V - 4 curare-tipped darts {!f}
Armour
 h - a +2 pair of gloves (worn)
 E - +0 steam dragon scales
 G - a +2 helmet (worn)
 H - a +2 cloak of stealth (worn)
 O - a +1 leather armour of poison resistance (worn)
 P - a +0 pair of boots of flying (worn)
 Y - a +0 buckler (worn)
Magical Staves
 X - a staff of death
Jewellery
 k - a ring of magical power (left hand)
 J - a ring of protection from cold
 R - an amulet of magic regeneration (around neck)
 W - a ring of willpower (right hand)
Wands
 l - a wand of flame (8)
 s - a wand of warping (8)
 F - a wand of paralysis (16)
 L - a wand of polymorph (18)
Scrolls
 j - 3 scrolls of identify
 n - a scroll of poison
 u - 3 scrolls of vulnerability
 v - a scroll of fear
 w - a scroll of fog
 K - 2 scrolls of revelation
 Q - a scroll of acquirement
 S - 3 scrolls of teleportation
 Z - a scroll of blinking
Potions
 c - 4 potions of invisibility
 e - 7 potions of heal wounds
 f - a potion of ambrosia
 g - 4 potions of lignification
 i - 2 potions of attraction
 p - 10 potions of curing
 r - a potion of magic
 x - a potion of resistance
 A - 2 potions of mutation
 B - a potion of haste
 D - 5 potions of enlightenment
Miscellaneous
 M - a sack of spiders (inert)


   Skills:
 * Level 10.2 Fighting
 - Level 3.0(10.2) Short Blades
 - Level 13.8(14.0) Long Blades
 + Level 3.5 Armour
 + Level 6.3 Dodging
 + Level 12.2 Stealth
 - Level 4.0 Shields
 + Level 7.1 Spellcasting
 * Level 12.4 Hexes
 + Level 4.3 Evocations


You had 15 spell levels left.
You knew the following spells:

 Your Spells              Type           Power      Damage    Failure   Level
a - Ensorcelled Hibernat  Hex/Ice        72%        N/A       1%          2
b - Confusing Touch       Hex            60%        N/A       1%          3
c - Tukima's Dance        Hex            60%        N/A       1%          3
d - Dazzling Flash        Conj/Hex       72%        N/A       3%          3

Your spell library contained the following spells:

 Spells                   Type           Power      Damage    Failure   Level
 Sigil of Binding         Hex            60%        N/A       1%          3
 Dimensional Bullseye     Hex/Tloc       18%        N/A       10%         4
 Magic Dart               Conj           32%        1d4       13%         1
 Sandblast                Erth           16%        2d6       13%         1
 Searing Ray              Conj           16%        2d5       19%         2
 Call Canine Familiar     Summ           8%         N/A       36%         3
 Fugue of the Fallen      Necr           8%         N/A       36%         3
 Hailstorm                Conj/Ice       8%         3d5       36%         3
 Ozocubu's Armour         Ice            8%         N/A       36%         3
 Passwall                 Erth           8%         N/A       36%         3
 Stone Arrow              Conj/Erth      16%        3d8       36%         3
 Summon Ice Beast         Ice/Summ       8%         N/A       36%         3
 Brom's Barrelling Bould  Conj/Erth      8%         2d3       77%         4
 Fulminant Prism          Conj/Alch      4%         3d5       77%         4
 Ignite Poison            Fire/Alch      8%         N/A       77%         4
 Sticky Flame             Fire/Alch      8%         2d4       77%         4
 Summon Blazeheart Golem  Fire/Summ      8%         N/A       77%         4
 Vhi's Electric Charge    Tloc/Air       16%        N/A       77%         4
 Arcjolt                  Conj/Air       4%         1d14      98%         5
 Bombard                  Conj/Erth      4%         9d2       100%        6
 Permafrost Eruption      Ice/Erth       4%         2x4d2     100%        6
 Plasma Beam              Fire/Air       4%         2x1d14    100%        6
 Sculpt Simulacrum        Ice/Alch       4%         N/A       100%        6
 Manifold Assault         Tloc           4%         N/A       100%        7
 Orb of Destruction       Conj           4%         9d5       100%        7
 Seismic Cannonade        Alch/Erth      4%         6d5       100%        7
 Spellforged Servitor     Conj/Summ      4%         N/A       100%        7
 Ignition                 Fire           4%         3d4       100%        8


Dungeon Overview and Level Annotations

Branches:
Dungeon (11/15)            Temple (1/1) D:7            Lair (5/5) D:9
 Shoals (0/4) Lair:3        Snake (0/4) Lair:3          Orc (0/2) D:10
  Sewer (visited)          Bailey (visited)
  Slime: Lair:4-5

Altars:
Ashenzari
Cheibriados
Dithmenos
Fedhas
Gozag
Hepliaklqana
Kikubaaqudgha
Makhleb
Nemelex Xobeh
Okawaru
Qazlal
Ru
Sif Muna
Trog
Uskayaw
Vehumet
Wu Jian
Xom
Yredelemnul

Shops:
D:5 [   D:7 [[   D:9 !

Annotations:
D:6 2 transporters, Rayvis's ghost, novice MiFi


Innate Abilities, Weirdness & Mutations

Your natural rate of healing is accelerated.
You have razor-sharp teeth.
You have supernaturally acute eyesight. (SInv)
You are afflicted with vampirism and can become a bat while bloodless.


Message History

The Council accepts your kill.
The seven-headed hydra is no longer blind.
The dream sheep headbutts you!
* * * LOW HITPOINT WARNING * * *
Casting: Ensorcelled Hibernation (safe; 1% risk of failure)
Confirm with . or Enter, or press ? or * to list all spells.
Casting: Dazzling Flash (mildly dangerous; 3% risk of failure)
Press: ? - help, Dir - look around, f - activate The dream sheep is dazzled.
The seven-headed hydra bites you but does no damage.
The seven-headed hydra bites you.
* * * LOW HITPOINT WARNING * * *
The seven-headed hydra closely misses you.
The seven-headed hydra bites you.
* * * LOW HITPOINT WARNING * * *
The seven-headed hydra bites you.
* * * LOW HITPOINT WARNING * * *
The seven-headed hydra misses you. The seven-headed hydra bites you.
* * * LOW HITPOINT WARNING * * *
The dream sheep closely misses you.
Unknown command.
Unknown command.
Casting: Dazzling Flash (mildly dangerous; 3% risk of failure)
Confirm with . or Enter, or press ? or * to list all spells.
Casting: Dazzling Flash (mildly dangerous; 3% risk of failure)
Press: ? - help, Dir - look around, f - activate The seven-headed hydra bites you.
* * * LOW HITPOINT WARNING * * *
The seven-headed hydra barely misses you.
The seven-headed hydra misses you.
You block the seven-headed hydra's attack.
The seven-headed hydra bites you but does no damage.
The seven-headed hydra bites you!
* * * LOW HITPOINT WARNING * * *
You block the seven-headed hydra's attack.
The dream sheep barely misses you.
The seven-headed hydra barely misses you.
The seven-headed hydra closely misses you.
The seven-headed hydra bites you!
You die...

......## ......#
#....P#.P##... .###..Y
............... ..#.Y..
.........#..)P# ..Y.Y..
.#..#..#.#.#..## .......
....#.....#....# <..Y...
##.............### .......
##.....#.......P@##....P.#
.....P.#..(....YD#...P.##
......(....#...)..........
#......#............PP.P..
##......#.................
#........P................
..........................
.............#........#...
........#...###.......##.#


You could see a seven-headed hydra and a dream sheep (blind, unable to see you).

Vanquished Creatures
  Gastronok (D:10)
  Erolcha (D:10)
  A boulder beetle (Lair:3)
  5 two-headed ogres
  2 catoblepae
  A death yak (D:10)
  A skyshark (Lair:2)
  A wolf spider (Lair:1)
  2 cyclopes (D:11)
  2 black mambas
  7 elephants (Lair:5)
  12 cane toads
  4 rime drakes
  7 komodo dragons
  Jeremiah (D:9)
  A kobold demonologist (D:10)
  A troll (D:11)
  2 polar bears
  3 hornets
  13 blink frogs
  5 dream sheep (Lair:5)
  A shadow (D:10)
  A centaur simulacrum (D:10)
  5 wyverns
  41 yaks
  2 steam dragons
  A basilisk (Lair:4)
  A vampire mosquito (D:10)
  A naga (Lair:3)
  15 water moccasins
  An acid dragon (D:10)
  Pargi (Sewer)
  3 black bears
  3 ice beasts
  3 sky beasts
  11 orc warriors
  2 ogres (D:5)
  16 wolves
  3 centaurs
  2 kobold brigands
  15 bullfrogs
  2 brain worms (Sewer)
  A gnoll sergeant (D:9)
  5 scorpions
  4 wights
  A killer bee (D:8)
  4 howler monkeys
  8 crimson imps (D:7)
  An electric eel (D:10)
  3 bombardier beetles
  A jelly (D:8)
  4 orc priests
  3 gnoll boudas
  3 hounds
  A sleepcap (D:4)
  2 iguanas
  16 orc wizards
  13 adders
  9 gnolls
  A shadow imp (D:8)
  A howler monkey simulacrum (D:10)
  3 white imps
  4 ufetubi
  A dart slug (D:2)
  34 orcs
  4 bats
  9 endoplasms
  8 giant cockroaches
  8 goblins
  7 hobgoblins
  6 quokkas
  6 ball pythons
  7 frilled lizards
  22 kobolds
  2 rats
405 creatures vanquished.

Vanquished Creatures (collateral kills)
  4 elephants (Lair:5)
  A cane toad (Lair:5)
  3 orc warriors
  3 wights (D:6)
  7 gnolls
  A shadow imp (D:6)
  2 orcs (D:7)
  A hobgoblin (Bailey)
22 creatures vanquished.

Vanquished Creatures (others)
  5 dancing weapons
5 creatures vanquished.

Grand Total: 432 creatures vanquished

Notes
Turn   | Place    | Note
-------+----------+-------------------------------------------
     0 | D:1      | tilp the Vampire Enchanter began the quest for the Orb.
     0 | D:1      | Reached XP level 1. HP: 13/13 MP: 3/3
   548 | D:1      | Reached XP level 2. HP: 20/20 MP: 5/5
   551 | D:1      | Learned a level 2 spell: Ensorcelled Hibernation
   559 | D:1      | Found a faded altar of an unknown god.
   752 | D:2      | Identified the +1 ring mail of Pantheism {rPois}
   883 | D:2      | Reached skill level 1 in Long Blades
  1136 | D:2      | Gained mutation: You are afflicted with vampirism and can
                  | become a bat while bloodless. [Vampire growth]
  1136 | D:2      | Reached XP level 3. HP: 25/25 MP: 6/6
  1140 | D:2      | Learned a level 3 spell: Confusing Touch
  1406 | D:3      | Reached skill level 1 in Fighting
  1406 | D:3      | Reached skill level 5 in Hexes
  1406 | D:3      | Reached XP level 4. HP: 19/32 MP: 2/7
  1957 | D:4      | Found a stormy altar of Qazlal.
  1972 | D:3      | Reached skill level 5 in Stealth
  2091 | D:4      | Noticed a scorpion
  2095 | D:4      | Reached XP level 5. HP: 37/37 MP: 3/8
  2106 | D:3      | Learned a level 3 spell: Tukima's Dance
  2450 | D:4      | Reached skill level 2 in Long Blades
  2596 | D:4      | Reached XP level 6. HP: 20/44 MP: 1/9
  3069 | D:4      | Found a broken altar of Ashenzari.
  3192 | D:5      | Entered Level 5 of the Dungeon
  3213 | D:5      | Found Soadu's Antique Armour Shop.
  3339 | D:5      | Found a glowing drain.
  3388 | Sewer    | Entered a sewer
  3580 | Sewer    | Noticed Pargi
  3585 | Sewer    | Killed Pargi
  3586 | Sewer    | Reached skill level 3 in Long Blades
  3586 | Sewer    | Reached XP level 7. HP: 44/51 MP: 11/11
  3882 | D:5      | Found a hide-covered altar of Uskayaw.
  4462 | D:6      | Reached XP level 8. HP: 58/58 MP: 12/12
  4569 | D:6      | Found a transporter.
  4583 | D:6      | Reached skill level 4 in Long Blades
  4587 | D:6      | Learned a level 3 spell: Dazzling Flash
  4893 | D:6      | Found a basalt altar of Yredelemnul.
  4977 | D:6      | Noticed a two-headed ogre
  5008 | D:6      | Noticed Rayvis's ghost (novice MiFi)
  5009 | D:6      | Found a transporter.
  5076 | D:7      | Found a staircase to the Ecumenical Temple.
  5250 | Temple   | Entered the Ecumenical Temple
  5345 | D:7      | Found an opulent altar of Gozag.
  5404 | D:7      | Found Muzev's Antique Armour Boutique.
  5408 | D:7      | Bought a runed cloak for 180 gold pieces
  5440 | D:7      | Found Yckoet's Antique Armour Boutique.
  5457 | D:7      | Reached skill level 5 in Long Blades
  5499 | D:7      | Reached XP level 9. HP: 66/66 MP: 1/14
  6165 | D:8      | Reached skill level 5 in Fighting
  6219 | D:7      | Bought a runed robe for 111 gold pieces
  6352 | D:8      | Reached skill level 5 in Dodging
  6533 | D:8      | Found a flagged portal.
  6543 | Bailey   | Entered a bailey
  6643 | Bailey   | Reached skill level 1 in Evocations
  6809 | Bailey   | Reached skill level 6 in Long Blades
  6896 | Bailey   | Reached skill level 10 in Hexes
  7203 | D:8      | Reached XP level 10. HP: 76/76 MP: 16/16
  7422 | D:8      | Identified the +6 dagger of Anger {freeze, *Rage Str+6}
  7625 | D:9      | Noticed Jeremiah
  7625 | D:9      | Noticed a two-headed ogre
  7626 | D:9      | Killed a two-headed ogre
  7628 | D:9      | Killed Jeremiah
  7640 | D:9      | Identified a scroll of acquirement
  7667 | D:9      | Found Pemeso's Distillery.
  7687 | D:9      | Reached skill level 5 in Spellcasting
  7707 | D:9      | Noticed a two-headed ogre
  7718 | D:9      | Killed a two-headed ogre
  7719 | D:9      | Reached skill level 7 in Long Blades
  7968 | D:9      | Found a staircase to the Lair.
  7993 | D:9      | Noticed a two-headed ogre
  7998 | D:9      | Killed a two-headed ogre
  7999 | D:9      | Reached XP level 11. HP: 84/84 MP: 19/19
  8041 | D:9      | Noticed a two-headed ogre
  8047 | D:9      | Killed a two-headed ogre
  8048 | D:9      | Reached skill level 10 in Stealth
  8445 | D:9      | Found an ornate altar of the Wu Jian Council.
  8494 | D:9      | Became a worshipper of the Wu Jian Council
  8635 | D:10     | Entered Level 10 of the Dungeon
  8640 | D:10     | Reached skill level 8 in Long Blades
  8730 | D:10     | Noticed Erolcha
  8740 | D:10     | Killed Erolcha
  8876 | D:10     | Reached * piety under Wu Jian
  8994 | D:10     | Found a shimmering blue altar of Sif Muna.
  9182 | D:10     | Noticed a death yak
  9194 | D:10     | Killed a death yak
  9229 | D:10     | Found a staircase to the Orcish Mines.
  9276 | D:10     | Noticed Gastronok
  9288 | D:10     | Killed Gastronok
  9345 | D:10     | Noticed a two-headed ogre
  9351 | D:10     | Killed a two-headed ogre
  9352 | D:10     | Reached skill level 9 in Long Blades
  9770 | D:10     | Found an iron altar of Okawaru.
  9784 | D:10     | Found a burning altar of Makhleb.
 10086 | D:11     | Reached XP level 12. HP: 94/94 MP: 21/21
 10086 | D:11     | Reached ** piety under Wu Jian
 10749 | Lair:1   | Entered Level 1 of the Lair of Beasts
 10894 | Lair:1   | Upgraded the game from 0.32-a0-960-g3814254bd7 to
                  | 0.32-a0-975-g85d4e5bfdb
 10917 | Lair:1   | Reached skill level 10 in Long Blades
 10938 | Lair:1   | Noticed a catoblepas
 11044 | Lair:1   | Killed a catoblepas
 11164 | Lair:1   | Reached *** piety under Wu Jian
 11268 | Lair:1   | Reached skill level 10 in Fighting
 11276 | Lair:1   | Reached skill level 11 in Long Blades
 11826 | Lair:1   | Acquired 847 gold pieces
 11901 | Lair:1   | Reached skill level 12 in Long Blades
 12340 | Lair:2   | Reached XP level 13. HP: 103/103 MP: 23/23
 13419 | Lair:3   | Reached skill level 13 in Long Blades
 13635 | Lair:3   | Found a staircase to the Shoals.
 13654 | Lair:3   | Reached **** piety under Wu Jian
 13683 | Lair:3   | Reached skill level 1 in Shields
 13795 | Lair:3   | Reached skill level 1 in Armour
 13963 | Lair:3   | Found a staircase to the Snake Pit.
 14206 | Lair:3   | Identified the +0 short sword "Fyxtanats" {drain, Str+3
                  | Dex+3}
 15413 | Lair:5   | Entered Level 5 of the Lair of Beasts
 15425 | Lair:5   | Reached ***** piety under Wu Jian
 15740 | Lair:5   | Slain by a seven-headed hydra

Illustrated notes

Levels and vault maps discovered:
D:1:      roderic_crossed_star, layout_basic,
          hellmonk_ecumenical_altar_heavens_door
D:2:      minmay_door_path, layout_basic
D:3:      layout_basic
D:4:      layout_rooms, nicolae_qazlal_scattered_showers,
          mainiacjoe_overflow_alcove_2, serial_corexii_hall,
          corexii_hall_statues_l, corexii_hall_statues_x
D:5:      layout_loops_ring, eat_drink_and_be_merry_uskayaw,
          portal_sewer_entry_f, serial_shops, shop, serial_bayou_pond_d,
          minmay_door_square, patterned_corridor
D:6:      layout_rooms, mainiacjoe_overflow_alcove_4, gammafunk_ghost_smash,
          grunt_decor_one_mirror, amethyst_killhole
D:7:      layout_basic, nicolae_gozag_seed_capital, temple_pool_b, serial_shops,
          nicolae_shop_back_alley_shop, minmay_misc_feat_encased,
          nicolae_take_the_stairs, nrook_campfire, minmay_nine_imps
D:8:      layout_basic, enter_bailey_2, minivault_14, kennysheep_generic_room_2
D:9:      layout_roguey, pdpol_wu_jian_five_deadly_venoms,
          due_lair_maze_entry_diamond, serial_shops,
          nicolae_shop_industrial_runoff, uniq_jeremiah
D:10:     nicolae_BIG_FREAKIN_CUBE, layout_basic, kennysheep_orc_sif_temple,
          jmf_multi_god_temple2, serial_ice, serial_ice_h, serial_ice_k,
          serial_ice_d, serial_ice_f, amcnicky_mini_pool_small, uniq_gastronok,
          uniq_erolcha
D:11:     layout_basic, st_stairs_6
Temple:   nicolae_temple_ecumenical_triangle
Lair:1:   minmay_lair_venomous_thicket, layout_misc_corridors,
          grunt_megastairs_3, lemuel_fruit_tree
Lair:2:   gammafunk_indiana_jones, layout_layer_cave, serial_bayou_shore_b
Lair:3:   layout_gridlike, elwin_shoals_entry_rocks, guppyfry_snake_entry_garden
Lair:4:   layout_gridlike
Lair:5:   evilmike_catoblepas_cave, layout_misc_corridors,
          minmay_slime_entry_oklob_enclosed

Skill      XL: |  1  2  3  4  5  6  7  8  9 10 11 12 13 |
---------------+----------------------------------------+-----
Long Blades    | 1 2 3 5 6 7 9 12 13 | 13.8
Fighting       | 1 2 3 4 5 7 8 10 | 10.2
Hexes          | 5 6 7 8 10 11 12 | 12.4
Stealth        | 5 6 7 8 9 11 12 | 12.2
Short Blades   | 2 3 |  3.0
Dodging        | 3 4 5 6 |  6.3
Spellcasting   | 3 4 5 6 7 |  7.1
Evocations     | 1 3 4 |  4.3
Shields        | 4 |  4.0
Armour         | 3 |  3.5

Action                     |  1- 3 |  4- 6 |  7- 9 | 10-12 | 13-15 || total
---------------------------+-------+-------+-------+-------+-------++-------
  Melee: Dagger            |    77 |   170 |   283 |   483 |   282 ||  1295
         Bite              |    10 |    21 |    28 |    47 |    35 ||   141
   Cast: Ensorcelled Hiber |     2 |    25 |    55 |    90 |    26 ||   198
         Tukima's Dance    |       |     4 |    11 |     3 |     1 ||    19
         Confusing Touch   |       |     1 |     8 |     9 |     2 ||    20
         Dazzling Flash    |       |       |     2 |     4 |     6 ||    12
Ability: Lunge             |       |       |       |    39 |    19 ||    58
         Whirlwind         |       |       |       |     3 |     4 ||     7
  Evoke: Sack of spiders   |       |       |       |       |     1 ||     1
    Use: Scroll            |     3 |     9 |     7 |     8 |     4 ||    31
         Potion            |       |       |     1 |       |     1 ||     2
   Stab: Sleeping          |    11 |    20 |    49 |    68 |    29 ||   177
         Confused          |       |     1 |     7 |     6 |       ||    14
         Invisible         |       |       |     2 |     6 |     1 ||     9
         Distracted        |       |       |       |     1 |     1 ||     2
 Armour: Robe              |    42 |       |    38 |       |       ||    80
         Leather armour    |       |   100 |    90 |   217 |   120 ||   527
  Dodge: Dodged            |    40 |   111 |   153 |   210 |   102 ||   616
  Block: Buckler           |       |       |       |       |    29 ||    29

Table legend: (Time is in decaauts)
 A = Elapsed time spent in this place.
 B = Non-inter-level travel time spent in this place.
 C = Inter-level travel time spent in this place.
 D = Time resting spent in this place.
 E = Time spent auto-exploring this place.
 F = Levels seen in this place.
 G = Mean time per level.
                   A        B        C        D        E       F      G
               +--------+--------+--------+--------+--------+-----+--------+
         Total |  15770 |  15165 |    605 |   2188 |   9486 |  19 |  830.0 |
       Dungeon |   9904 |   9418 |    486 |    926 |   6200 |  11 |  900.4 |
        Temple |     15 |      7 |      8 |      0 |      0 |   1 |   15.0 |
          Lair |   5015 |   4905 |    110 |   1061 |   2962 |   5 | 1003.0 |
         Sewer |    318 |    318 |      0 |    171 |     91 |   1 |  318.0 |
        Bailey |    515 |    515 |      0 |     30 |    233 |   1 |  515.0 |
               +--------+--------+--------+--------+--------+-----+--------+

Top non-repeatable levels by time:
  Lair:2: 1308 daAuts
    D:10: 1302 daAuts
  Lair:3: 1210 daAuts
  Lair:1: 1207 daAuts
     D:9: 1053 daAuts
     D:7: 1032 daAuts
     D:3: 987 daAuts
  Lair:4: 962 daAuts
     D:8: 955 daAuts
     D:4: 909 daAuts
     D:5: 886 daAuts
    D:11: 871 daAuts
     D:1: 704 daAuts
     D:6: 630 daAuts
     D:2: 570 daAuts
